 Dungeon Crawl Stone Soup version 0.29.1-13-g9f3cf754e1 (webtiles) character file.

Game seed: 10390781375768493947

721 hbarley the Chopper (level 7, -1/61 HPs)
             Began as a Hill Orc Fighter on Jan 30, 2023.
             Slain by Prince Ribbit (8 damage)
             ... on level 5 of the Dungeon.
             The game lasted 00:09:09 (3919 turns).

hbarley the Chopper (Hill Orc Fighter)              Turns: 3919, Time: 00:09:10

Health: -1/61      AC:  8    Str: 19    XL:     7   Next: 70%
Magic:  7/7        EV:  9    Int:  8    God:
Gold:   163        SH:  5    Dex: 12    Spells: 6/6 levels left

rFire   . . .      SeeInvis .   a - +0 war axe
rCold   . . .      Faith    .   c - +0 buckler
rNeg    . . .      Spirit   .   b - +0 scale mail
rPois   .          Reflect  .   (no helmet)
rElec   .          Harm     .   (no cloak)
rCorr   .          Rampage  .   m - +0 pair of gloves
Will    .....                   (no boots)
Stlth   ..........              r - amulet of regeneration
HPRegen 1.00/turn               (no ring)
MPRegen 0.10/turn               (no ring)

@: mighty
A: no striking features
a: no special abilities


You were on level 5 of the Dungeon.
You visited 1 branch of the dungeon, and saw 5 of its levels.

You collected 163 gold pieces.

Inventory:

Hand Weapons
 a - a +0 war axe (weapon)
 n - a +1 flail of holy wrath
Missiles
 o - a throwing net (quivered)
Armour
 b - a +0 scale mail (worn)
 c - a +0 buckler (worn)
 f - a +0 scale mail
 m - a +0 pair of gloves (worn)
 u - the +0 leather armour "Wuiren" {+Blink rN++ Dex-3 SInv}
   (You found it on level 4 of the Dungeon)

   Dex:       It affects your dexterity (-3).
   rN:        It greatly protects you from negative energy.
   SInv:      It lets you see invisible.
   +Blink:    It lets you blink.
Jewellery
 r - an amulet of regeneration (around neck)
Scrolls
 e - a scroll of identify {unknown}
 g - 2 scrolls of vulnerability {unknown}
 h - a scroll of fear {unknown}
 j - a scroll of noise {unknown}
 l - a scroll of enchant weapon {unknown}
 q - a scroll of teleportation {unknown}
 s - a scroll of amnesia {unknown}
Potions
 d - 2 potions of might
 i - a potion of degeneration {unknown}
 k - a potion of invisibility {unknown}
 p - a potion of heal wounds {unknown}
 t - 2 potions of ambrosia {unknown}
 v - a potion of berserk rage {unknown}


   Skills:
 + Level 5.2 Fighting
 + Level 7.8 Axes
 + Level 5.5 Armour
 + Level 1.2 Dodging
 + Level 0.2 Stealth
 + Level 4.1 Shields


You had 6 spell levels left.
You didn't know any spells.
Your spell library contained the following spells:

 Spells                   Type           Power      Damage    Failure   Level
 Sandblast                Erth           0%         2d4       85%         1
 Passwall                 Tmut/Erth      0%         N/A       94%         2
 Static Discharge         Conj/Air       0%         3-3/arc   94%         2
 Stone Arrow              Conj/Erth      0%         3d7       99%         3
 Summon Guardian Golem    Hex/Summ       0%         N/A       99%         3
 Lightning Bolt           Conj/Air       0%         1d11      100%        5
 Orb of Destruction       Conj           0%         9d5       100%        7
 Spellforged Servitor     Conj/Summ      0%         N/A       100%        7
 Maxwell's Capacitive Co  Air            0%         ∞         100%        8


Dungeon Overview and Level Annotations

Branches:
Dungeon (5/15)
 Temple: D:4-7

Altars:
Cheibriados
Kikubaaqudgha
Ru
Trog

Shops:
D:3 :

Annotations:
D:5 Prince Ribbit


Message History

You slash the hound!
You kill the hound!
Things that are here:
a +0 flail; an orc corpse
t - 2 clear potions (gained 1)
Things that are here:
a +0 flail; an orc corpse
v - a fizzy red potion
Found 5 stones.
Prince Ribbit comes into view.
Prince Ribbit blinks!
You block Prince Ribbit's attack.
You barely miss Prince Ribbit. Prince Ribbit hits you.
You miss Prince Ribbit. Prince Ribbit barely misses you.
Prince Ribbit croaks regally.
Prince Ribbit hits you!
You closely miss Prince Ribbit. Prince Ribbit hits you!
Prince Ribbit blinks!
You hit Prince Ribbit.
Prince Ribbit is lightly wounded.
Prince Ribbit blinks!
Prince Ribbit hits you!
* * * LOW HITPOINT WARNING * * *
Prince Ribbit hits you.
* * * LOW HITPOINT WARNING * * *
You miss Prince Ribbit. Prince Ribbit hits you.
* * * LOW HITPOINT WARNING * * *
You miss Prince Ribbit. Prince Ribbit hits you.
* * * LOW HITPOINT WARNING * * *
Prince Ribbit hits you.
* * * LOW HITPOINT WARNING * * *
You barely miss Prince Ribbit. Prince Ribbit hits you.
* * * LOW HITPOINT WARNING * * *
Prince Ribbit hits you but does no damage.
You feel very mighty all of a sudden. Prince Ribbit hits you.
* * * LOW HITPOINT WARNING * * *
You hit Prince Ribbit.
Prince Ribbit is lightly wounded.
Prince Ribbit hits you!
You die...

###.#†..#..#
###....).....#
##..##..#.....#
#.###.#..#....#
####.#.#......#
###.....#...#
#.###.......#
#....#..F..#
###.#..@#..#
#.#..#....#
(.#........#
###.........#
#####.#...#
.......#
#........#
#.#..#....# #
.#. .#..#


You could see Prince Ribbit.

Vanquished Creatures
  A water moccasin (D:5)
  A phantom (D:2)
  3 scorpions
  A hound (D:5)
  An orc priest (D:4)
  2 jellies
  2 iguanas (D:5)
  An orc wizard (D:4)
  3 gnolls (D:3)
  6 adders
  3 worms
  A dart slug (D:5)
  7 orcs
  5 endoplasms
  4 giant cockroaches
  7 goblins
  4 hobgoblins
  2 jackals (D:2)
  10 kobolds
  5 quokkas
  8 ball pythons
  6 bats
  3 frilled lizards
  4 rats
90 creatures vanquished.

Notes
Turn   | Place    | Note
-------+----------+-------------------------------------------
     0 | D:1      | hbarley the Hill Orc Fighter began the quest for the Orb.
     0 | D:1      | Reached XP level 1. HP: 19/19 MP: 1/1
   186 | D:1      | Found a faded altar of an unknown god.
   270 | D:1      | Reached XP level 2. HP: 27/27 MP: 2/2
   446 | D:1      | You fall into a shaft and drop 1 floor!
   459 | D:2      | Reached skill level 3 in Axes
   707 | D:1      | Reached XP level 3. HP: 29/33 MP: 3/3
  1255 | D:2      | Found the +9 staff of Olgreb {rPois∞}
  1314 | D:2      | Noticed a phantom
  1327 | D:2      | Killed a phantom
  1328 | D:2      | Reached skill level 4 in Axes
  1328 | D:2      | Reached XP level 4. HP: 35/41 MP: 4/4
  1332 | D:2      | Reached XP level 5. HP: 41/47 MP: 5/5
  1965 | D:3      | Reached skill level 5 in Axes
  2646 | D:3      | Found Divaonen's Book Emporium.
  2999 | D:4      | Found a bloodstained altar of Trog.
  3011 | D:4      | Reached skill level 6 in Axes
  3011 | D:4      | Reached XP level 6. HP: 53/53 MP: 6/6
  3306 | D:4      | Found an ancient bone altar of Kikubaaqudgha.
  3308 | D:4      | Found a sacrificial altar of Ru.
  3496 | D:4      | Reached XP level 7. HP: 46/60 MP: 7/7
  3542 | D:4      | Identified the +0 leather armour "Wuiren" {+Blink rN++
                  | Dex-3 SInv}
  3563 | D:4      | Found a snail-covered altar of Cheibriados.
  3651 | D:5      | Entered Level 5 of the Dungeon
  3659 | D:5      | Reached skill level 7 in Axes
  3659 | D:5      | Reached skill level 5 in Armour
  3735 | D:5      | Reached skill level 5 in Fighting
  3767 | D:5      | Reached skill level 1 in Dodging
  3904 | D:5      | Noticed Prince Ribbit
  3919 | D:5      | Slain by Prince Ribbit

Illustrated notes

Levels and vault maps discovered:
D:1:      lightli_molten_gateway, layout_basic, basic_ecumenical_altar
D:2:      layout_loops_ring, grunt_ministairs_10, wad_floor_pattern_2,
          grunt_decor_fettered
D:3:      layout_basic, serial_shops, nicolae_shop_behind_doors
D:4:      nicolae_BIG_FREAKIN_CUBE, layout_cave_pools,
          nicolae_overflow_hidden_temple
D:5:      layout_basic, minmay_increasing_density, uniq_menkaure,
          uniq_prince_ribbit1

Skill      XL: |  1  2  3  4  5  6  7 |
---------------+----------------------+-----
Axes           | 3 4 6 7 |  7.8
Fighting       | 4 5 |  5.2
Armour         | 4 5 |  5.5
Shields        | 4 |  4.1
Dodging        | 1 |  1.2
Stealth        | |  0.2

Action                   |  1- 3 |  4- 6 |  7- 9 || total
-------------------------+-------+-------+-------++-------
Melee: War axe           |    61 |   168 |    43 ||   272
  Use: Potion            |     1 |       |     1 ||     2
Armor: Scale mail        |    34 |    84 |    10 ||   128
Dodge: Dodged            |    34 |    72 |    17 ||   123
Block: Buckler           |    11 |    51 |     9 ||    71
